 Dungeon Crawl Stone Soup version 0.21.1-1-g345015f (webtiles) character file.

77 Monsterracer the Chucker (level 4, -1/22 HPs)
             Began as a Spriggan Hunter on Feb 16, 2018.
             Slain by a gnoll
             ... wielding a +0 whip
              (9 damage)
             ... on level 1 of the Dungeon.
             The game lasted 00:05:41 (3083 turns).

Monsterracer the Chucker (Spriggan Hunter)          Turns: 3083, Time: 00:05:42

Health: -1/22      AC:  2    Str:  9    XL:     4   Next: 14%
Magic:  5/5        EV: 18    Int: 12    God:
Gold:   58         SH:  0    Dex: 16    Spells: 3/3 levels left

rFire    . . .     SeeInvis +     - Unarmed
rCold    . . .     Gourm    .   (shield restricted)
rNeg     . . .     Faith    .   h - +0 robe
rPois    .         Spirit   .   (helmet restricted)
rElec    .         Reflect  .   (no cloak)
rCorr    .         Harm     .   (gloves unavailable)
MR       .....                  (boots unavailable)
Stlth    ++........             (no amulet)
HPRegen  0.07/turn              (no ring)
MPRegen  0.09/turn              (no ring)

@: very quick
A: very small, unfitting armour, see invisible, herbivore, speed 3, slow
metabolism 2
a: no special abilities


You were on level 1 of the Dungeon.
You were hungry.

You visited 1 branch of the dungeon, and saw 2 of its levels.

You collected 58 gold pieces.

Inventory:

Hand Weapons
 b - a +0 dagger
Missiles
 a - 53 stones (quivered)
 d - 2 throwing nets
 f - 8 tomahawks
Armour
 h - a +0 robe (worn)
Scrolls
 e - a scroll of blinking {unknown}
Potions
 g - a potion of invisibility {unknown}
Comestibles
 c - 3 rations


   Skills:
 - Level 1.5 Fighting
 + Level 4.2 Throwing
 - Level 3.0 Dodging
 - Level 1.5 Stealth
 * Level 2.9 Unarmed Combat


You had 3 spell levels left.
You didn't know any spells.

Dungeon Overview and Level Annotations

Branches:
Dungeon (2/15)

Altars:


Innate Abilities, Weirdness & Mutations

You are very small and have problems with some larger weapons.
You are too small for most types of armour.
You have supernaturally acute eyesight. (SInv)
You are a herbivore.
You cover ground extremely quickly.
You need consume almost no food.


Message History

a dagger; an adder corpse The quokka completely misses you.
You barely miss the quokka. The quokka completely misses you.
You hit the quokka.
The quokka is heavily wounded.
The quokka barely misses you.
You barely miss the quokka.
The quokka is heavily wounded.
The quokka completely misses you. The quokka closely misses you.
You hit the quokka.
The quokka is almost dead.
The quokka barely misses you.
You hit the quokka but do no damage.
The quokka is almost dead.
The quokka closely misses you.
You hit the quokka but do no damage.
The quokka is almost dead.
The quokka barely misses you.
You hit the quokka.
You kill the quokka!
Things that are here:
a dagger; an adder corpse You now have 58 gold pieces (gained 9).
You see here a mace.
a - 56 stones (gained 2)
a - 58 stones (gained 2)
A hobgoblin comes into view.
The gnoll shouts!
You hear a shout!
Health restored: 22
There are monsters nearby!
There are monsters nearby!
Throwing (i - inventory. (,) - cycle):
a - 58 stones (quivered)
Press: ? - help, Shift-Dir - straight line, f - gnoll
Aim: a gnoll, wielding a whip You throw a stone.
The stone barely misses the gnoll.
Throwing (i - inventory. (,) - cycle):
a - 57 stones (quivered)
Press: ? - help, Shift-Dir - straight line, f/p - gnoll
Aim: a gnoll, wielding a whip You throw a stone.
The stone barely misses the gnoll.
Throwing (i - inventory. (,) - cycle):
a - 56 stones (quivered)
Press: ? - help, Shift-Dir - straight line, f/p - gnoll
Aim: a gnoll, wielding a whip You throw a stone.
The stone hits the gnoll.
The gnoll is lightly wounded.
Throwing (i - inventory. (,) - cycle):
a - 55 stones (quivered)
Press: ? - help, Shift-Dir - straight line, f/p - gnoll
Aim: a gnoll, wielding a whip (lightly wounded)
You throw a stone.
The stone hits the gnoll but does no damage.
The gnoll is lightly wounded.
The gnoll shouts!
You hit the gnoll but do no damage.
The gnoll is lightly wounded.
The gnoll hits you with a whip.
You take 6 damage, and have 16/22 hp.
MASSIVE DAMAGE!!
You are too injured to fight recklessly!
You are too injured to fight recklessly!
You are too injured to fight recklessly!
You hit the gnoll.
The gnoll is moderately wounded.
The gnoll barely misses you.
The gnoll shouts!
You hit the gnoll.
The gnoll is heavily wounded.
The gnoll barely misses you.
You hit the gnoll but do no damage.
The gnoll is heavily wounded.
The gnoll hits you with a whip!
* * * LOW HITPOINT WARNING * * *
You take 9 damage, and have 7/22 hp.
MASSIVE DAMAGE!!
You closely miss the gnoll.
The gnoll is heavily wounded.
The gnoll misses you.
You are feeling hungry.
You barely miss the gnoll.
The gnoll is heavily wounded.
The gnoll misses you.
You hit the gnoll but do no damage.
The gnoll is heavily wounded.
Throwing (i - inventory. (,) - cycle):
a - 54 stones (quivered)
Press: ? - help, Shift-Dir - straight line, f/p - gnoll
Aim: a gnoll, wielding a whip (heavily wounded)
You throw a stone.
The stone hits the gnoll but does no damage.
The gnoll is heavily wounded.
You see here a mace.
Things that are here:
a dagger; an adder skeleton
There is a stone staircase leading up here.
Fire/throw which item? (* to show all) (? for menu, Esc to quit)
Press: ? - help, Shift-Dir - straight line, f/p - gnoll
Aim: a gnoll, wielding a whip (heavily wounded)
You throw a tomahawk. The tomahawk closely misses the gnoll.
The gnoll misses you.
You climb upwards.
There is a stone staircase leading down here.
You barely miss the gnoll.
The gnoll is heavily wounded.
The gnoll hits you with a whip!
You die...

### #.....###.#######.#
..########.................#
...................#######.#
.......##................#.##
...................#........####
........)......................#
..###........................#.##
.......#.................#+#.....
................@........#.###.##
##.###.#....#..g.............#.#
##.#........#.#................#
.............................####
........#........................
........#...................#####
........'...................#
........##..#.#...........###
............#........#....#


You could see a gnoll.

Vanquished Creatures
  An adder (D:2)
  An ooze (D:1)
  A worm (D:2)
  3 dart slugs
  2 giant cockroaches (D:1)
  6 goblins
  6 hobgoblins (D:1)
  11 jackals (D:1)
  6 kobolds
  A quokka (D:2)
  A ball python (D:1)
  A bat (D:1)
  A frilled lizard (D:1)
  6 rats (D:1)
47 creatures vanquished.

Notes
Turn   | Place    | Note
-------+----------+-------------------------------------------
     0 | D:1      | Monsterracer the Spriggan Hunter began the quest for the Orb.
     0 | D:1      | Reached XP level 1. HP: 10/10 MP: 2/2
    57 | D:1      | HP: 4/10 [kobold/short sword (6)]
   367 | D:1      | Reached skill level 1 in Unarmed Combat
   511 | D:1      | HP: 5/10 [hobgoblin (5)]
   527 | D:1      | Reached XP level 2. HP: 8/14 MP: 3/3
   856 | D:1      | HP: 5/14 [jackal (3)]
  1264 | D:1      | HP: 7/14 [jackal (1)]
  1272 | D:1      | HP: 7/14 [jackal (1)]
  1528 | D:1      | HP: 7/14 [jackal (1)]
  1791 | D:1      | Reached XP level 3. HP: 18/18 MP: 4/4
  2824 | D:2      | Reached XP level 4. HP: 14/22 MP: 5/5
  2831 | D:2      | HP: 11/22 [poisoned by an adder]
  2839 | D:2      | HP: 10/22 [poisoned by an adder]
  3066 | D:2      | HP: 7/22 [gnoll/whip (9)]
  3083 | D:1      | Slain by a gnoll

Skill      XL: |  1  2 |
---------------+-------+-----
Unarmed Combat | 1 2 |  2.9
Fighting       | |  1.5
Throwing       | |  4.2
Dodging        | |  3.0
Stealth        | |  1.5

Action                   |  1- 3 |  4- 6 || total
-------------------------+-------+-------++-------
Melee: Short sword       |    17 |       ||    17
       Unarmed           |   218 |    17 ||   235
       Punch             |     1 |       ||     1
Throw: Tomahawk          |    18 |     1 ||    19
       Stone             |    59 |     5 ||    64
 Stab: Sleeping          |     1 |       ||     1
Armor: Robe              |    28 |       ||    28
Dodge: Dodged            |   214 |    14 ||   228

Vault maps used:
D:1:      dpeg_arrival_lava_temple_mockup
D:2:      nemelex_xobeh_ov_fountains_minmay
